 Dungeon Crawl Stone Soup version 0.16.1-51-g6203257 (webtiles) character file.

332848 Gargoyl the Shatterer (level 22, -5/133 HPs)
             Began as a Gargoyle Berserker on July 16, 2015.
             Was the Champion of Trog.
             Killed by divine providence
             ... invoked by Saint Roka
              (16 damage)
             ... on level 4 of the Vaults on July 17, 2015.
             The game lasted 05:19:12 (53318 turns).

Gargoyl the Shatterer (Gargoyle Berserker)         Turns: 53318, Time: 05:19:12

Health: -5/133     AC: 54    Str: 30    XL:     22   Next: 15%
Magic:  0/23       EV: 15    Int:  9    God:    Trog [******]
Gold:   3825       SH: 20    Dex:  9    Spells: 0 memorised, 23 levels left

rFire  + + .     SeeInvis .     q - +3 flail of Dismay {vamp, Noisy rC+++}
rCold  + + +     Clarity  .     c - +10 plate armour {MR+}
rNeg   + . .     SustAb   .     G - +5 shield {reflect}
rPois  ∞         Gourm    .     (helmet restricted)
rElec  +         Spirit   +     U - +2 cloak "Thioshri" {rF+}
rCorr  +         Warding  .     M - +1 pair of gloves of Sajuep {rF+ rCorr}
rMut   .         Rnd*Tele +     h - +2 pair of boots
MR     +++++                    y - amulet of guardian spirit
Stlth  ..........               C - ring of teleportation
                                V - ring of the Failed Coup {MR+ EV+3}

@: controlling teleports, flying, very slightly contaminated, regenerating,
almost entirely resistant to hostile enchantments, extremely unstealthy
A: able to fly continuously, antennae 1, big wings, frail 1, negative energy
resistance 1, screaming 1, electricity resistance, unbreathing, petrification
resistance, rot immunity, AC +16
a: Stop Flying, Burn Spellbooks, Berserk, Trog's Hand, Brothers in Arms,
Renounce Religion, Evoke Teleportation
}: 1/15 runes: barnacled


You were on level 4 of the Vaults.
You worshipped Trog.
Trog was exalted by your worship.
You were not hungry.

You visited 6 branches of the dungeon, and saw 39 of its levels.
You visited the Abyss 1 time.
You also visited: Labyrinth and Ice Cave.

You collected 5448 gold pieces.
You spent 1623 gold pieces at shops.

Inventory:

Hand weapons
 k - a +2 eveningstar of holy wrath
 q - the +3 flail of Dismay (weapon) {vamp, Noisy rC+++}
   (You found it on level 14 of the Dungeon)

   It inflicts no extra harm, but heals its wielder somewhat when it strikes a
   living foe.
   It renders you almost immune to cold.
   It may make noises in combat.
 D - a +5 great mace of crushing
Missiles
 Z - 4 tomahawks (quivered)
Armour
 c - a +10 plate armour of magic resistance (worn)
 h - a +2 pair of boots (worn)
 G - a +5 shield of reflection (worn)
 M - the +1 pair of gloves of Sajuep (worn) {rF+ rCorr}
   (You found it on level 2 of the Vaults)

   It protects you from fire.
   It protects you from acid and corrosion.
 U - the +2 cloak "Thioshri" (worn) {rF+}
   (You acquired it on level 3 of the Elven Halls)

   It protects you from fire.
 W - a +0 helmet of see invisible
Jewellery
 o - an uncursed amulet of resist mutation
 y - an amulet of guardian spirit (around neck)
 C - a ring of teleportation (right hand)
 E - an uncursed ring of poison resistance
 O - the ring of Situxiru {+cTele MR+}
   (You took it off a deep elf sorcerer on level 3 of the Elven Halls)

   [ring of teleport control]

   It can be evoked for teleport control.
   It affects your resistance to hostile enchantments.
 V - the ring of the Failed Coup (left hand) {MR+ EV+3}
   (You took it off a minotaur in a labyrinth)

   [ring of evasion]

   It affects your evasion (+3).
   It affects your resistance to hostile enchantments.
 X - a +5 ring of dexterity
Magical devices
 a - a wand of lightning (0)
 d - a wand of polymorph (14)
 p - a wand of cold (6)
 t - a wand of teleportation (0)
 F - a wand of fireball (3)
 H - a wand of draining (3)
 J - a wand of enslavement (5)
 K - a wand of digging (10)
 L - a wand of disintegration (5)
 R - a wand of hasting (7)
Scrolls
 f - 8 scrolls of fog
 n - 7 scrolls of recharging
 v - 2 scrolls of brand weapon
 B - 4 scrolls of fear
 I - 14 scrolls of remove curse
 Q - 4 scrolls of identify
 Y - 3 scrolls of magic mapping
Potions
 b - 2 potions of ambrosia
 e - 2 potions of might
 i - a potion of restore abilities
 m - a potion of berserk rage
 r - 3 potions of haste
 s - 3 potions of brilliance
 u - 4 potions of curing
 x - 4 potions of resistance
 N - 2 potions of agility
Books
 P - a book of Clouds

   Spells                             Type                      Level
   a - Mephitic Cloud                 Conjuration/Poison/Air       3
   b - Conjure Flame                  Conjuration/Fire             3
   c - Poisonous Cloud                Conjuration/Poison/Air       6
   d - Freezing Cloud                 Conjuration/Ice/Air          6
   e - Ring of Flames                 Charms/Fire                  7
   Trog disapproves of the use of such an item.
Miscellaneous
 j - a phantom mirror
 z - a lamp of fire
Comestibles
 A - 5 meat rations


   Skills:
 + Level 18.9 Fighting
 + Level 21.2 Maces & Flails
 + Level 2.6 Throwing
 + Level 17.0 Armour
 + Level 9.9 Dodging
 + Level 4.4 Stealth
 + Level 17.7 Shields
 + Level 2.2 Unarmed Combat
 + Level 1.2 Spellcasting
 + Level 1.9 Evocations


You had 23 spell levels left.
You didn't know any spells.

Dungeon Overview and Level Annotations

Branches:
Dungeon (15/15)            Temple (0/1) D:6            Lair (8/8) D:11
 Shoals (5/5) Lair:5       Spider (0/5) Lair:6        Slime (0/6) Lair:8
    Orc (4/4) D:12            Elf (3/3) Orc:4        Vaults (4/5) D:13
  Crypt (0/3) Vaults:2     Depths (0/5) D:15

Altars:
Ashenzari
Cheibriados
Dithmenos
Gozag
Kikubaaqudgha
Okawaru
Sif Muna
Vehumet
Xom
Yredelemnul
Beogh
Jiyva

Shops:
D:4 !   D:6 =   D:13 =   D:14 [   Orc:3 [   Orc:4 =([   Elf:2 [   Shoals:1 ?
Shoals:4 [=   Shoals:5 *

Portals:
Bazaar: D:12

Annotations:
Vaults:4 Saint Roka


Innate Abilities, Weirdness & Mutations

You are resistant to torment.
You are immune to poison.
You can fly continuously.
Your stone body is very resilient (AC +16).
Your wings are large and strong.
You resist negative energy.
You are resistant to electric shocks.
You can survive without breathing.
You are immune to petrification.
You are immune to rotting.
You have a pair of small antennae on your head.
You are frail (-10% HP).
You occasionally shout uncontrollably at your foes.


Message History

Something smites you!
* * * LOW HITPOINT WARNING * * *
The vault sentinel blows a loud note on a signal horn!
Read which item? (? for menu, Esc to quit)
Blink to where?
Press: ? - help, Dir - move target cursor
As you read the scroll of blinking, it crumbles to dust.
You block the warg's attack.
Saint Roka says, "Down here, you're an orc or you're nobody."
Saint Roka invokes the aid of Beogh against you.
Something smites you!
* * * LOW HITPOINT WARNING * * *
The orc sorcerer dies!
Drink which item? (? for menu, Esc to quit)
You feel better.
The orange demon disappears in a puff of smoke!
The warg bites you but does no damage.
Saint Roka calls down the wrath of Beogh upon you.
Something smites you!
You die...

. #... #...
#... #... #...
#...
#...########
#...@......#
#...#h.....#
#...#......#
#...#..o...#
#...#..cu.B#
#...#oOWB.o#
.......#H.ZC§(#
......#§.u.Bo#
#######o...u§#


You could see Saint Roka, a stone giant, a yaktaur captain, 2 boulder beetles, a
griffon, 2 ugly things, a freezing wraith, a warg, an orc warrior (frenzied), an
ogre, an orc priest, an orc and an orc zombie.

Vanquished Creatures
  The ghost of CcS the Brawler, a mighty NaMo of Cheibriados (Vaults:2)
  7 deep elf blademasters
  A deep elf master archer (Elf:3)
  Asterion (Vaults:2)
  The ghost of Gargoyl the Hoplite, a mighty GrBe of Trog (Vaults:1)
  A kraken (Shoals:5)
  Polyphemus (Shoals:4)
  A sphinx (Vaults:3)
  Rupert (Lair:7)
  Ilsuiw (Shoals:5)
  2 fire giants
  An orc warlord (Orc:4)
  9 deep elf sorcerers (Elf:3)
  4 vault wardens
  A frost giant (D:14)
  A draconian scorcher (Abyss:1)
  Gastronok (Orc:1)
  7 ironheart preservers
  8 rakshasas
  6 stone giants
  10 deep elf demonologists
  6 slime creatures
  10 deep elf annihilators
  A dire elephant (Lair:4)
  2 ettins
  8 deep elf death magi
  The ghost of Gargoyl the Fighter, a powerful GrBe of Trog (D:15)
  Snorg (Shoals:3)
  A minotaur (Lab)
  3 merfolk javelineers
  2 great orbs of eyes
  5 yaktaur captains
  5 merfolk impalers (Shoals:5)
  5 fire dragons
  4 deep elf high priests
  Harold (Orc:3)
  The ghost of krupnik16 the Severer, a powerful GrFi of Okawaru (Orc:1)
  3 ice dragons
  9 hydras
  6 centaur warriors
  Erica (D:13)
  8 ogre magi
  2 alligator snapping turtles
  The ghost of Gargoyl the Fighter, a powerful GrBe of Trog (IceCv)
  11 death yaks
  2 catoblepae
  4 merfolk avatars (Shoals:5)
  7 merfolk aquamancers
  11 dancing weapons (Elf:2)
  A satyr (Shoals:4)
  2 tengu warriors
  4 orc high priests
  A deep troll earth mage (Vaults:1)
  A deep troll shaman (Vaults:3)
  Nergalle (Orc:2)
  A fire crab (Vaults:3)
  4 skeletal warriors (D:13)
  A thrashing horror (Abyss:1)
  22 deep elf knights
  Erolcha (Orc:3)
  A shadow wraith (Vaults:1)
  16 sea snakes
  4 unseen horrors
  6 ice devils
  7 deep trolls
  A giant orange brain (Vaults:3)
  3 ice statues
  2 flayed ghosts (Vaults:4)
  18 deep elf summoners
  5 hill giants
  17 deep elf conjurers
  33 harpies
  5 orc sorcerers
  6 wolf spiders
  4 lindwurms
  14 orc knights
  A phantasmal warrior (Vaults:4)
  22 ugly things
  15 manticores
  A stone giant zombie (Vaults:3)
  A hornet (Vaults:2)
  A fire giant zombie (Vaults:3)
  20 griffons
  4 oklob plants (Lair:3)
  8 fauns
  A human zombie (Vaults:4)
  2 necromancers
  7 water nymphs
  A wizard (D:14)
  A hornet (shapeshifter) (Elf:1)
  8 cyclopes
  A fire giant skeleton (Vaults:4)
  A sixfirhy (Elf:3)
  7 ironbrand convokers
  Maurice (D:12)
  An elephant (shapeshifter) (Vaults:2)
  15 vault sentinels
  15 sirens
  Joseph (D:7)
  7 black mambas
  9 gargoyles
  8 torpor snails
  4 elephants (Lair:2)
  A centaur skeleton (D:11)
  12 spiny frogs
  2 kobold demonologists (D:12)
  A tengu conjurer (D:14)
  3 demonic crawlers
  A yaktaur (shapeshifter) (Elf:1)
  9 trolls
  4 komodo dragons
  13 deep elf priests
  A yaktaur skeleton (Vaults:4)
  3 fire drakes
  A fire drake (shapeshifter) (Vaults:2)
  16 yaktaurs
  A queen bee (D:13)
  7 blue devils (IceCv)
  3 freezing wraiths
  4 two-headed ogres
  29 merfolk
  2 giant leeches (Lair:8)
  Sonja (D:13)
  A polar bear (D:12)
  9 ravens
  A wind drake (Shoals:1)
  Grinder (D:3)
  A tengu simulacrum (Vaults:3)
  21 blink frogs
  A harpy skeleton (D:15)
  A raiju (Abyss:1)
  2 boulder beetles
  A baby alligator (shapeshifter) (Vaults:1)
  A minotaur skeleton (Lab)
  A basilisk (shapeshifter) (Vaults:3)
  7 snapping turtles
  4 small abominations
  11 redbacks
  A shadow (D:15)
  21 water elementals
  32 deep elf magi
  9 basilisks
  The ghost of Xenophilius the Chucker, an average OgHu (D:3)
  3 wraiths
  A trapdoor spider (D:12)
  A ynoxinul (Abyss:1)
  5 wyverns
  Eustachio (D:5)
  2 large abominations (Abyss:1)
  5 tarantellas (Elf:1)
  Grum (Orc:4)
  12 vampire mosquitoes
  5 hungry ghosts
  82 yaks
  28 deep elf fighters
  2 mottled dragons
  4 wolves
  3 steam dragons (Lair:8)
  Menkaure (D:5)
  9 wargs
  14 hippogriffs
  11 porcupines
  4 wasps
  15 water moccasins
  A swamp drake (Lair:8)
  2 sky beasts
  3 black bears
  6 phantoms
  52 orc warriors
  4 necrophages
  15 centaurs
  2 human skeletons (Vaults:4)
  24 ogres
  20 ice beasts
  A boring beetle (shapeshifter) (Elf:3)
  An ogre (shapeshifter) (D:13)
  3 boring beetles
  27 crocodiles
  Sigmund (D:3)
  4 big kobolds
  4 brain worms (Lair:8)
  A lost soul (Elf:3)
  Blork the orc (D:5)
  A wyvern zombie (D:13)
  3 scorpions
  24 giant frogs
  6 wights
  28 killer bees
  2 centaur zombies
  7 electric eels
  6 crimson imps
  3 goliath beetles
  2 jellies
  45 orc priests
  8 hounds
  Crazy Yiuf (D:3)
  16 iguanas
  44 orc wizards
  11 worker ants
  A wyvern simulacrum (D:12)
  A gnoll shaman (D:6)
  16 hell rats (Elf:1)
  11 sheep
  Ijyb (D:3)
  2 giant frog simulacra (D:12)
  2 centaur simulacra (D:12)
  A hound zombie (D:10)
  A necrophage skeleton (D:5)
  A hound skeleton (D:10)
  3 mummies
  23 adders
  8 gnolls
  46 river rats
  2 shadow imps
  13 white imps
  5 giant mites
  17 worms
  4 ufetubi
  3 orc zombies (Orc:4)
  5 giant geckos
  An ooze (D:4)
  226 orcs
  9 bats
  A bat skeleton (D:5)
  A bat zombie (D:7)
  7 giant cockroaches
  19 hobgoblins
  32 jackals
  17 kobolds
  14 quokkas
  A ball python (D:1)
  2 giant gecko skeletons
  3 giant newts
  A giant spore (D:9)
  16 goblins
  A kobold skeleton (Abyss:1)
  A quokka skeleton (D:9)
  2 quokka zombies
  18 rats
  14 ballistomycetes
  3 crawling corpses
  4 fungi
  A plant (Lair:8)
  A tentacle (Shoals:5)
1921 creatures vanquished.

Vanquished Creatures (collateral kills)
  An Ice Fiend (IceCv)
  An octopode crusher (Shoals:2)
  The ghost of Iskender the Ripper, a powerful FeCK of Xom (D:12)
  Fannar (D:10)
  3 dancing weapons (Elf:2)
  A deep elf knight (Elf:2)
  An ice devil (IceCv)
  A hill giant (D:6)
  A blue devil (IceCv)
  A deep elf fighter (Elf:2)
  2 ice beasts (D:10)
  A hound skeleton (D:6)
15 creatures vanquished.

Vanquished Creatures (others)
  2 stone giants
  A merfolk javelineer (Shoals:5)
  A fire dragon (Vaults:4)
  4 yaktaur captains
  2 centaur warriors (Vaults:1)
  A merfolk aquamancer (Shoals:5)
  A satyr (Shoals:4)
  3 deep elf knights
  An orc sorcerer (Vaults:4)
  A faun (Shoals:4)
  13 drowned souls (Shoals:5)
  16 yaktaurs
  A merfolk (Shoals:3)
  A two-headed ogre (Vaults:3)
  A deep elf mage (Elf:2)
  A steam dragon (Lair:8)
  A ynoxinul (Elf:3)
  A deep elf fighter (Elf:1)
  3 orc warriors (Vaults:4)
  A centaur (D:12)
  2 ogres (Lab)
  3 lost souls
  A hound (D:12)
  A white imp (IceCv)
  5 ufetubi (IceCv)
  An orc (D:12)
  6 giant spores
  A lurking horror (Abyss:1)
  A ballistomycete (D:12)
  38 fungi
  32 plants
  4 tentacles (Shoals:5)
  62 tentacle segments (Shoals:5)
  9 toadstools (Lair:4)
222 creatures vanquished.

Grand Total: 2158 creatures vanquished

Notes
Turn   | Place    | Note
--------------------------------------------------------------
     0 | D:1      | Gargoyl, the Gargoyle Berserker, began the quest for the Orb.
     0 | D:1      | Reached XP level 1. HP: 14/14 MP: 1/1
   480 | D:1      | Reached XP level 2. HP: 16/19 MP: 2/2
   871 | D:1      | Reached XP level 3. HP: 18/23 MP: 3/3
  1183 | D:2      | Reached skill level 4 in Fighting
  1230 | D:2      | Acquired Trog's second power
  1310 | D:2      | Reached XP level 4. HP: 27/29 MP: 4/4
  1895 | D:3      | Found a radiant altar of Vehumet.
  1901 | D:3      | Noticed a phantom
  1995 | D:3      | Killed a phantom
  1995 | D:3      | Reached XP level 5. HP: 20/34 MP: 5/5
  2298 | D:3      | Noticed Sigmund
  2321 | D:3      | Killed Sigmund
  2321 | D:3      | Reached XP level 6. HP: 25/39 MP: 6/6
  2424 | D:3      | Found a deep blue altar of Sif Muna.
  2425 | D:3      | Found an ancient bone altar of Kikubaaqudgha.
  2554 | D:3      | Noticed Ijyb
  2584 | D:3      | Killed Ijyb
  2658 | D:3      | Found a snail-covered altar of Cheibriados.
  2696 | D:3      | Noticed Xenophilius' ghost (average OgHu)
  2722 | D:3      | Killed Xenophilius' ghost
  2722 | D:3      | Reached skill level 5 in Fighting
  2722 | D:3      | Reached skill level 5 in Maces & Flails
  2722 | D:3      | Reached XP level 7. HP: 44/44 MP: 7/7
  2767 | D:3      | Noticed Crazy Yiuf
  2776 | D:3      | Killed Crazy Yiuf
  2940 | D:3      | Noticed Grinder
  2962 | D:3      | Killed Grinder
  3222 | D:4      | Found Naibyqib's Distillery.
  3332 | D:4      | Reached skill level 5 in Armour
  3332 | D:4      | Reached XP level 8. HP: 38/50 MP: 8/8
  3342 | D:4      | Reached skill level 6 in Maces & Flails
  3742 | D:5      | Entered Level 5 of the Dungeon
  3742 | D:5      | Noticed Blork the orc
  3844 | D:5      | Killed Blork the orc
  3928 | D:5      | Noticed Menkaure
  3934 | D:5      | Noticed Eustachio
  3949 | D:5      | Killed Menkaure
  3985 | D:5      | Acquired Trog's third power
  4003 | D:5      | Killed Eustachio
  4398 | D:5      | Reached skill level 1 in Stealth
  4556 | D:6      | Reached skill level 7 in Maces & Flails
  4568 | D:6      | Found Teatuarphy's Jewellery Emporium.
  4747 | D:6      | Noticed a hill giant
  4755 | D:6      | Killed a hill giant
  4755 | D:6      | Reached XP level 9. HP: 55/57 MP: 9/9
  4812 | D:6      | Found a staircase to the Ecumenical Temple.
  5343 | D:7      | Noticed Joseph
  5366 | D:7      | Killed Joseph
  5366 | D:7      | Reached skill level 8 in Maces & Flails
  6329 | D:7      | You fall through a shaft for 3 floors!
  6329 | D:10     | Entered Level 10 of the Dungeon
  6359 | D:10     | Reached XP level 10. HP: 50/64 MP: 5/10
  6420 | D:10     | Reached skill level 5 in Dodging
  6429 | D:9      | Found a shattered altar of Ashenzari.
  7174 | D:8      | Reached skill level 9 in Maces & Flails
  7711 | D:9      | Found an opulent altar of Gozag.
  7911 | D:9      | Found a shadowy altar of Dithmenos.
  8139 | D:9      | Found an iron altar of Okawaru.
  8480 | D:10     | Noticed a hill giant
  8494 | D:10     | Killed a hill giant
  8578 | D:10     | Noticed a hill giant
  8581 | D:10     | Noticed Fannar
  8708 | D:9      | Killed a hill giant
  8708 | D:9      | Reached skill level 10 in Maces & Flails
  8742 | D:9      | Reached XP level 11. HP: 43/71 MP: 3/11
  9456 | D:9      | Received a gift from Trog
  9493 | D:10     | Reached skill level 10 in Armour
  9548 | D:10     | Killed Fannar
 10136 | D:11     | Found a labyrinth entrance.
 10143 | Lab      | Entered a labyrinth
 10328 | Lab      | Reached skill level 10 in Fighting
 10403 | Lab      | Reached skill level 11 in Maces & Flails
 10878 | Lab      | Noticed a minotaur
 10881 | Lab      | Paralysed by a minotaur for 4 turns
 10894 | Lab      | Killed a minotaur
 10896 | Lab      | Got a warped marble ring
 10897 | Lab      | Got a warped robe
 10984 | D:11     | Reached XP level 12. HP: 73/78 MP: 10/12
 11091 | D:11     | Identified the ring of the Failed Coup {MR+ EV+3} (You took it off a minotaur in a labyrinth)
 11159 | D:11     | Noticed a hill giant
 11179 | D:11     | Killed a hill giant
 11179 | D:11     | Reached skill level 12 in Maces & Flails
 11548 | D:11     | Found a staircase to the Lair.
 12008 | D:12     | Reached skill level 13 in Maces & Flails
 12225 | D:12     | Found a gateway to a bazaar.
 12299 | D:12     | Identified a scroll of acquirement
 12313 | D:12     | Found a staircase to the Orcish Mines.
 12329 | D:12     | Reached XP level 13. HP: 82/85 MP: 11/13
 12520 | D:12     | Noticed Iskender's ghost (powerful FeCK)
 12619 | D:12     | Killed Iskender's ghost
 12889 | D:12     | Received a gift from Trog
 12907 | D:12     | Found a roughly hewn altar of Beogh.
 13274 | D:13     | Noticed Maurice
 13320 | D:12     | Killed Maurice
 13385 | D:13     | Found Kliergh's Jewellery Shop.
 13772 | D:13     | Found a gate to the Vaults.
 14145 | D:13     | Noticed Sonja
 14342 | D:13     | Killed Sonja
 14342 | D:13     | Reached skill level 14 in Maces & Flails
 14370 | D:13     | Reached skill level 1 in Spellcasting
 14370 | D:13     | Reached skill level 1 in Evocations
 14370 | D:13     | Gained mutation: Your wings are large and strong. [gargoyle growth]
 14370 | D:13     | Reached XP level 14. HP: 84/92 MP: 13/18
 14593 | D:13     | Noticed Erica
 14609 | D:13     | Killed Erica
 14918 | D:14     | Received a gift from Trog
 14974 | D:14     | Got an ancient flail
 14978 | D:14     | Identified the cursed +3 flail of Dismay {vamp, Noisy rC+++} (You found it on level 14 of the Dungeon)
 15469 | D:14     | Found Thom Dak's Antique Armour Shoppe.
 15554 | D:14     | Noticed a frost giant
 15577 | D:14     | Killed a frost giant
 15722 | D:14     | Reached XP level 15. HP: 90/99 MP: 16/19
 15801 | D:14     | Reached skill level 1 in Shields
 15869 | D:15     | Entered Level 15 of the Dungeon
 15914 | D:15     | Noticed Gargoyl's ghost (powerful GrBe)
 15948 | D:15     | Killed Gargoyl's ghost
 16335 | D:15     | Reached skill level 15 in Maces & Flails
 16638 | D:15     | Got a heavily runed plate armour
 16639 | D:15     | Identified the cursed -5 plate armour of Dim Light {rPois rC+} (You found it on level 15 of the Dungeon)
 16776 | D:15     | Received a gift from Trog
 16888 | D:15     | Found a staircase to the Depths.
 17311 | Orc:1    | Entered Level 1 of the Orcish Mines
 17347 | Orc:1    | Noticed krupnik16's ghost (powerful GrFi)
 17410 | Orc:1    | Killed krupnik16's ghost
 17612 | Orc:2    | Noticed Nergalle
 17633 | Orc:2    | Killed Nergalle
 17821 | Orc:1    | Noticed Gastronok
 17839 | Orc:1    | Killed Gastronok
 18039 | Orc:1    | Received a gift from Trog
 18642 | Orc:3    | Received a gift from Trog
 18790 | Orc:3    | Noticed Erolcha
 18801 | Orc:3    | Killed Erolcha
 18818 | Orc:3    | Found Kliomau's Antique Armour Shoppe.
 18848 | Orc:3    | Found an ancient bone altar of Kikubaaqudgha.
 18952 | Orc:3    | Noticed Harold
 18963 | Orc:3    | Killed Harold
 19133 | Orc:3    | Found a shimmering altar of Xom.
 19430 | Orc:4    | Entered Level 4 of the Orcish Mines
 19517 | Orc:4    | Received a gift from Trog
 19633 | Orc:4    | Found a roughly hewn altar of Beogh.
 19655 | Orc:4    | Found a roughly hewn altar of Beogh.
 19718 | Orc:4    | Received a gift from Trog
 19866 | Orc:4    | Found a roughly hewn altar of Beogh.
 19895 | Orc:4    | Found a roughly hewn altar of Beogh.
 20064 | Orc:4    | Found a staircase to the Elven Halls.
 20221 | Orc:4    | Found a roughly hewn altar of Beogh.
 20256 | Orc:4    | Found Schecox's Antique Armour Emporium.
 20412 | Orc:4    | Received a gift from Trog
 20441 | Orc:4    | Found a roughly hewn altar of Beogh.
 20496 | Orc:4    | Reached skill level 5 in Shields
 20521 | Orc:4    | Noticed Grum
 20926 | Orc:4    | Received a gift from Trog
 20980 | Orc:4    | Killed Grum
 21021 | Orc:4    | Found a roughly hewn altar of Beogh.
 21021 | Orc:4    | Found Oxeadas' Antique Armour Emporium.
 21025 | Orc:4    | Found Wimn's Antique Weapon Shoppe.
 21097 | Orc:4    | Found a roughly hewn altar of Beogh.
 21114 | Orc:4    | Found Trach's Jewellery Shop.
 21138 | Orc:4    | Bought an uncursed amulet of resist mutation for 560 gold pieces
 21422 | Elf:1    | Entered Level 1 of the Elven Halls
 21551 | Elf:1    | Reached XP level 16. HP: 107/107 MP: 20/20
 21621 | Elf:1    | Reached skill level 16 in Maces & Flails
 21742 | Elf:1    | Received a gift from Trog
 22058 | Elf:1    | Received a gift from Trog
 23439 | Elf:2    | Received a gift from Trog
 23478 | Elf:2    | Found Ytunajau's Antique Armour Emporium.
 23581 | Elf:2    | Bought a pair of embroidered gloves for 121 gold pieces
 23597 | Elf:2    | Found a deep blue altar of Sif Muna.
 23671 | Elf:2    | Reached skill level 15 in Fighting
 23672 | Elf:2    | Found a runed gate.
 23673 | Elf:2    | Found a runed gate.
 23673 | Elf:2    | Found a runed gate.
 23933 | Elf:2    | Received a gift from Trog
 24007 | Elf:2    | Noticed a deep elf blademaster
 24085 | Elf:2    | Killed a deep elf blademaster
 24895 | Elf:3    | Entered Level 3 of the Elven Halls
 24895 | Elf:3    | Found a frozen archway.
 24901 | IceCv    | Entered an ice cave
 25208 | IceCv    | Reached XP level 17. HP: 108/113 MP: 20/20
 25226 | IceCv    | Noticed Gargoyl's ghost (powerful GrBe)
 25243 | IceCv    | Reached skill level 17 in Maces & Flails
 25251 | IceCv    | Killed Gargoyl's ghost
 25302 | IceCv    | Noticed an Ice Fiend
 25326 | IceCv    | Killed an Ice Fiend
 25804 | Elf:3    | Received a gift from Trog
 25811 | Elf:3    | Reached skill level 15 in Armour
 25946 | Elf:3    | Found a huge runed gate.
 25946 | Elf:3    | Found a huge runed gate.
 25947 | Elf:3    | Found a huge runed gate.
 25947 | Elf:3    | Found a huge runed gate.
 25947 | Elf:3    | Found a huge runed gate.
 25947 | Elf:3    | Found a huge runed gate.
 25992 | Elf:3    | Found a huge runed gate.
 25992 | Elf:3    | Found a huge runed gate.
 25995 | Elf:3    | Found a huge runed gate.
 26008 | Elf:3    | Found a huge runed gate.
 26009 | Elf:3    | Found a huge runed gate.
 26009 | Elf:3    | Found a huge runed gate.
 26009 | Elf:3    | Found a huge runed gate.
 26031 | Elf:3    | Found a huge runed gate.
 26031 | Elf:3    | Found a huge runed gate.
 26032 | Elf:3    | Found a huge runed gate.
 26032 | Elf:3    | Found a huge runed gate.
 26124 | Elf:3    | Noticed a deep elf blademaster
 26162 | Elf:3    | Killed a deep elf blademaster
 26176 | Elf:3    | Noticed a deep elf blademaster
 26177 | Elf:3    | Noticed a Hell Sentinel
 26201 | Elf:3    | Noticed a deep elf master archer
 26214 | Elf:3    | Killed a deep elf blademaster
 26255 | Elf:3    | Noticed a Shadow Fiend
 27151 | Elf:3    | Found a huge runed gate.
 27151 | Elf:3    | Found a huge runed gate.
 27151 | Elf:3    | Found a huge runed gate.
 27151 | Elf:3    | Found a huge runed gate.
 27151 | Elf:3    | Found a huge runed gate.
 27152 | Elf:3    | Found a huge runed gate.
 27156 | Elf:3    | Found a huge runed gate.
 27160 | Elf:3    | Found a huge runed gate.
 27161 | Elf:3    | Found a huge runed gate.
 27161 | Elf:3    | Found a huge runed gate.
 27271 | Elf:3    | Noticed a Brimstone Fiend
 27327 | Elf:3    | Noticed an Ice Fiend
 27334 | Elf:3    | Cast into the Abyss (a deep elf sorcerer)
 27334 | Abyss:1  | Found a corrupted altar of Lugonu.
 27647 | Elf:3    | Escaped the Abyss
 27649 | Elf:3    | Noticed a deep elf blademaster
 27668 | Elf:3    | Noticed an Ice Fiend
 27823 | Elf:3    | Found a huge runed gate.
 28073 | Elf:3    | Received a gift from Trog
 28430 | Elf:3    | Killed a deep elf blademaster
 28444 | Elf:3    | Noticed an Ice Fiend
 28466 | Elf:3    | Got a crude brass ring
 28520 | Elf:3    | Noticed a deep elf blademaster
 28553 | Elf:3    | Reached skill level 18 in Maces & Flails
 28562 | Elf:3    | Noticed an Ice Fiend
 28562 | Elf:3    | Reached XP level 18. HP: 34/120 MP: 21/21
 28563 | Elf:3    | Noticed a Hell Sentinel
 28571 | Elf:3    | HP: 6/120 [blizzard demon/the air[a deep elf demonologist] (13)]
 28576 | Elf:3    | Noticed a Brimstone Fiend
 28580 | Elf:3    | HP: 3/120 [blizzard demon/bolt of lightning[a deep elf demonologist] (4)]
 28581 | Elf:3    | HP: 1/120 [blizzard demon/bolt of lightning[a deep elf demonologist] (2)]
 28589 | Elf:3    | Reached skill level 10 in Shields
 28766 | Elf:3    | Killed a deep elf master archer
 28942 | Elf:3    | Killed a deep elf blademaster
 29160 | Elf:3    | Received a gift from Trog
 29250 | Elf:3    | Got a scorched cloak
 29261 | Elf:3    | Identified the +2 cloak "Thioshri" {rF+} (You acquired it on level 3 of the Elven Halls)
 29385 | Elf:3    | Noticed a deep elf blademaster
 29385 | Elf:3    | Noticed a deep elf blademaster
 29422 | Elf:2    | Killed a deep elf blademaster
 29448 | Elf:2    | Killed a deep elf blademaster
 29631 | Elf:2    | Received a gift from Trog
 29888 | Lair:1   | Entered Level 1 of the Lair of Beasts
 29923 | Lair:1   | Identified the ring of Situxiru {+cTele MR+} (You took it off a deep elf sorcerer on level 3 of the Elven Halls)
 31615 | Lair:3   | Received a gift from Trog
 31957 | Lair:3   | Received a gift from Trog
 33110 | Lair:4   | Received a gift from Trog
 34546 | Lair:5   | Received a gift from Trog
 34962 | Lair:5   | Found a staircase to the Shoals.
 34986 | Lair:5   | Received a gift from Trog
 35684 | Lair:6   | Found a hole to the Spider Nest.
 37122 | Lair:7   | Reached skill level 19 in Maces & Flails
 37122 | Lair:7   | Reached XP level 19. HP: 122/128 MP: 19/22
 37182 | Lair:7   | Noticed Rupert
 37201 | Lair:7   | Killed Rupert
 37306 | Lair:7   | Received a gift from Trog
 37560 | Lair:8   | Entered Level 8 of the Lair of Beasts
 37929 | Lair:8   | Found a runed door.
 38079 | Lair:8   | Lost intelligence.
 38606 | Lair:8   | Found a staircase to the Slime Pits.
 38606 | Lair:8   | Found a viscous altar of Jiyva.
 38980 | Lair:8   | Received a gift from Trog
 39094 | Lair:8   | Received a gift from Trog
 40725 | Shoals:1 | Entered Level 1 of the Shoals
 40953 | Shoals:1 | Gained mutation: You have a pair of small antennae on your head. [potion of mutation]
 40953 | Shoals:1 | Gained mutation: You occasionally shout uncontrollably at your foes. [potion of mutation]
 40953 | Shoals:1 | Gained mutation: You are frail (-10% HP). [potion of mutation]
 41115 | Shoals:1 | Found Schinnen's Magic Scroll Shop.
 41118 | Shoals:1 | Bought a scroll of enchant armour for 97 gold pieces
 41827 | Shoals:2 | Received a gift from Trog
 42111 | Shoals:2 | Received a gift from Trog
 42514 | Shoals:2 | HP: 1/115 [octopode crusher/iron shot (28)]
 42952 | Shoals:3 | Noticed Snorg
 42997 | Shoals:3 | Killed Snorg
 43880 | Shoals:4 | Received a gift from Trog
 43978 | Shoals:4 | Found Ocaig's Jewellery Emporium.
 43998 | Shoals:4 | Found Chuag's Armour Boutique.
 44085 | Shoals:4 | Bought the ring "Sten Atzergh" {MP+9 Str+2 Dex+2} for 566 gold pieces
 44110 | Shoals:4 | Bought a +2 pair of gloves of dexterity for 279 gold pieces
 44244 | Shoals:4 | Reached XP level 20. HP: 105/122 MP: 16/22
 44726 | Shoals:5 | Entered Level 5 of the Shoals
 44726 | Shoals:5 | Noticed Polyphemus
 44755 | Shoals:4 | Killed Polyphemus
 44882 | Shoals:5 | Noticed Ilsuiw
 45035 | Shoals:5 | Killed Ilsuiw
 45464 | Shoals:5 | Reached skill level 20 in Maces & Flails
 45592 | Shoals:5 | Found Schiduq's Assorted Antiques.
 45601 | Shoals:5 | Got a barnacled rune of Zot
 45716 | Shoals:5 | Received a gift from Trog
 46590 | Vaults:1 | Entered Level 1 of the Vaults
 46856 | Vaults:1 | Reached skill level 15 in Shields
 46911 | Vaults:1 | Noticed Gargoyl's ghost (mighty GrBe)
 47066 | Vaults:1 | Killed Gargoyl's ghost
 47290 | Vaults:1 | Received a gift from Trog
 48001 | Vaults:1 | Reached XP level 21. HP: 126/126 MP: 23/23
 48491 | Vaults:2 | Noticed CcS's ghost (mighty NaMo)
 48611 | Vaults:2 | Killed CcS's ghost
 49378 | Vaults:2 | Received a gift from Trog
 49719 | Vaults:2 | Got a pair of transparent gloves
 49720 | Vaults:2 | Identified the +1 pair of gloves of Sajuep {rF+ rCorr} (You found it on level 2 of the Vaults)
 49854 | Vaults:2 | Found a staircase to the Crypt.
 49854 | Vaults:2 | Found an ancient bone altar of Kikubaaqudgha.
 49855 | Vaults:2 | Found a basalt altar of Yredelemnul.
 50037 | Vaults:2 | Noticed Asterion
 50055 | Vaults:2 | Killed Asterion
 50344 | Vaults:2 | Received a gift from Trog
 51406 | Vaults:3 | Received a gift from Trog
 51960 | Vaults:3 | Reached skill level 21 in Maces & Flails
 52694 | Vaults:4 | Received a gift from Trog
 52852 | Vaults:4 | Reached XP level 22. HP: 133/133 MP: 23/23
 53174 | Vaults:4 | Noticed Saint Roka
 53317 | Vaults:4 | HP: 5/133 [Saint Roka/divine providence (11)]
 53318 | Vaults:4 | Killed from afar by Saint Roka

Action                   |  1- 3 |  4- 6 |  7- 9 | 10-12 | 13-15 | 16-18 | 19-21 | 22-24 || total
-------------------------+-------+-------+-------+-------+-------+-------+-------+-------++-------
Melee: Mace              |    80 |   213 |    40 |       |       |       |       |       ||   333
       Flail             |       |       |   405 |  1119 |  2439 |  3238 |  4183 |   203 || 11587
Throw: Tomahawk          |       |       |       |       |       |    11 |     4 |       ||    15
Invok: Trog's Hand       |       |     5 |     7 |    12 |    13 |    20 |    10 |     2 ||    69
       Brothers in Arms  |       |       |     1 |     4 |     1 |     3 |     1 |       ||    10
       Burn Spellbooks   |       |       |     1 |       |     5 |     5 |     3 |       ||    14
       Berserk           |       |       |     1 |       |     1 |     1 |       |       ||     3
 Abil: Fly               |       |       |       |       |     1 |       |       |       ||     1
       Evoke Teleport Co |       |       |       |       |       |       |       |     1 ||     1
Evoke: Wand              |       |       |       |       |       |    14 |     1 |       ||    15
  Use: Scroll            |     2 |       |    14 |    16 |     8 |    21 |    13 |     4 ||    78
       Potion            |       |       |       |     3 |    14 |     8 |     5 |     3 ||    33
 Stab: Distracted        |       |       |       |     1 |     1 |     2 |       |       ||     4
       Confused          |       |       |       |       |     1 |       |     1 |       ||     2
       Fleeing           |       |       |       |       |     1 |       |     2 |       ||     3
  Eat: Bread ration      |     1 |     1 |     2 |       |       |     9 |     7 |       ||    20
       Pizza             |       |       |     1 |       |     2 |       |     1 |       ||     4
       Fruit             |       |       |     2 |    25 |     6 |    16 |     4 |       ||    53
       Beef jerky        |       |       |     2 |       |       |     4 |     8 |       ||    14
       Meat ration       |       |       |       |     1 |     3 |     1 |     3 |       ||     8
       Royal jelly       |       |       |       |       |     9 |       |     2 |       ||    11
